 Dungeon Crawl Stone Soup version 0.18-a0-867-gfd1cc8f (webtiles) character file.

167929 4thArraOfDagon the Severer (level 17, -15/99 HPs)
             Began as a Gargoyle Fighter on Dec 21, 2015.
             Was a High Priest of Okawaru.
             Demolished by an orc warrior
             ... wielding a +0 scimitar
             ... led by an orc knight
              (17 damage)
             ... on level 1 of the Vaults.
             The game lasted 01:19:42 (11383 turns).

4thArraOfDagon the Severer (Gargoyle Fighter)      Turns: 11383, Time: 01:19:42

Health: -15/99     AC: 34    Str: 20      XL:     17   Next: 29%
Magic:  21/21      EV: 20    Int: 13      God:    Okawaru [*****.]
Gold:   159        SH:  0    Dex: 14 (16) Spells: 2 memorised, 6 levels left

rFire  + + .     SeeInvis +     D - +9 executioner's axe (freeze)
rCold  + . .     Gourm    .     T - +1 troll leather armour
rNeg   + . .     Faith    .     (shield currently unavailable)
rPois  ∞         Spirit   .     v - +5 hat of Greed {rPois rF+}
rElec  +         Dismiss  .     k - +0 cloak {MR+}
rCorr  +         Reflect  .     M - +1 pair of gloves {Dex+3}
SustAt .         Harm     .     E - +1 pair of boots {Stlth+}
MR     ++...     Clarity  +     (no amulet)
Stlth  ++++......               C - +3 ring of dexterity
                                J - ring of see invisible

@: resistant, heroism, very resistant to hostile enchantments, stealthy
A: big wings, clarity, negative energy resistance 1, electricity resistance,
weak 1, wild magic 1, unbreathing, petrification resistance, no device heal 1,
rot immunity, AC +12
a: Fly, Heroism, Finesse, Renounce Religion
}: 2/15 runes: barnacled, gossamer


You were on level 1 of the Vaults.
You worshipped Okawaru.
Okawaru was extremely pleased with you.
You were not hungry.

You visited 5 branches of the dungeon, and saw 32 of its levels.

You collected 1434 gold pieces.
You spent 1275 gold pieces at shops.

Inventory:

Hand Weapons
 e - a +0 blowgun
 D - a +9 executioner's axe of freezing (weapon)
 I - a +2 executioner's axe of venom
 O - a +1 dagger of distortion
Missiles
 a - 6 throwing nets
 Q - 3 javelins of penetration (quivered)
 X - 3 curare-tipped needles
Armour
 h - a +2 plate armour of cold resistance
 k - a +0 cloak of magic resistance (worn)
 v - the +5 hat of Greed (worn) {rPois rF+}
   (You found it on level 8 of the Lair of Beasts)

   It protects you from fire.
   It protects you from poison.
 E - a +1 pair of boots of stealth (worn)
 M - a +1 pair of gloves of dexterity (worn)
 T - a +1 troll leather armour (worn)
Jewellery
 q - an uncursed ring of ice
 u - an uncursed ring of positive energy
 w - an uncursed amulet of dismissal
 y - an uncursed ring of wizardry
 C - a +3 ring of dexterity (right hand)
 J - a ring of see invisible (left hand)
Wands
 c - a wand of teleportation (6/9)
 s - a wand of disintegration (0/24)
 t - a wand of disintegration (13/24)
 x - a wand of digging (13/24)
 B - a wand of teleportation (4/9)
 S - a wand of paralysis (3/24)
Scrolls
 b - 3 scrolls of teleportation
 l - 4 scrolls of fear
 G - 2 scrolls of noise
 K - a scroll of recharging
 L - 8 scrolls of remove curse
 R - 2 scrolls of immolation
 V - a scroll of blinking
 Y - a scroll of magic mapping
 Z - 2 scrolls of holy word
Potions
 d - a potion of might
 i - 8 potions of agility
 j - a potion of flight
 m - 7 potions of curing
 n - 4 potions of haste
 o - 3 potions of brilliance
 r - 5 potions of ambrosia
 A - 4 potions of magic
 F - 3 potions of cancellation
 H - a potion of invisibility
 N - 3 potions of heal wounds
 W - 3 potions of berserk rage
Books
 z - a book of Cantrips

   Spells                             Type                      Level
   a - Corona                         Hexes                        1
   b - Animate Skeleton               Necromancy                   1
   c - Summon Small Mammal            Summoning                    1
   d - Apportation                    Translocation                1
Miscellaneous
 p - a plain deck of war {drawn: 2}
 P - a lamp of fire
 U - a phantom mirror
Comestibles
 f - 11 bread rations
 g - 16 meat rations


   Skills:
 + Level 8.5(13.5) Fighting
 * Level 19.0(24.0) Axes
 + Level 16.4(21.4) Armour
 * Level 9.2(14.2) Dodging
   Level 3.2(8.2) Shields
 - Level 6.6 Invocations
 - Level 5.0 Evocations


You had 6 spell levels left.
You knew the following spells:

 Your Spells              Type           Power        Failure   Level  Hunger
a - Controlled Blink      Tloc           N/A          100%        8    #######
b - Stoneskin             Trmt/Erth      #.......     67%         2    ###....


Dungeon Overview and Level Annotations

Branches:
Dungeon (15/15)              Lair (8/8) D:9          Shoals (4/4) Lair:3
 Spider (4/4) Lair:3        Slime (0/6) Lair:6       Vaults (1/5) D:13
 Temple: D:4-7          Orc: D:9-12      Depths: D:15

Altars:
Cheibriados
Elyvilon
Fedhas
Okawaru

Shops:
D:4 }   D:11 ?   D:13 !   Shoals:4 *

Annotations:
D:6 crawlian's ghost, novice DEEE
D:14 Urug
Shoals:4 Ilsuiw


Innate Abilities, Weirdness & Mutations

You are resistant to torment.
Your stone body is resilient (AC +12).
You are immune to poison.
Your large and strong wings let you fly indefinitely.
You resist negative energy.
You are resistant to electric shocks.
You can survive without breathing.
You are immune to petrification.
You are immune to rotting.
You possess an exceptional clarity of mind.
You are weak. (Str -2)
Your spells are a little harder to cast, but a little more powerful.
Potions and wands are less effective at restoring your health.


Message History

The orc warrior is almost dead.
You slash the orc knight! You freeze the orc knight.
You kill the orc knight!
Okawaru accepts your kill.
You feel your dexterity returning. The ogre barely misses you.
The orc warrior hits you with a scimitar!
* * * LOW HITPOINT WARNING * * *
Unknown command.
Unknown command.
Unknown command.
Unknown command.
Unknown command.
You slice the ogre!! You freeze the ogre.
You kill the ogre!
Okawaru accepts your kill.
You barely miss the orc warrior.
The orc warrior is almost dead.
The orc warrior hits you with a scimitar!
You die...

#.........)..........
#....................
#....................
#....................
#....................
#..()................
####)#############...
...#..))))..# #..!
#.#..o@....# #...
#..#..).....# #...
##.#........# #..}
...'........# #...
...#........#########...
...#........##......#...
. .#........##......#...
###........##......#...
#......'...


You could see an orc warrior (frenzied).

Vanquished Creatures
  The ghost of Raultor the Fighter, an adept DsGl of Okawaru (Shoals:4)
  Agnes (Spider:3)
  A vault warden (Vaults:1)
  6 emperor scorpions (Spider:4)
  4 ghost moths (Spider:4)
  A very ugly thing (D:13)
  6 dire elephants (Lair:8)
  2 merfolk javelineers (Shoals:4)
  3 vault guards (Vaults:1)
  4 merfolk impalers (Shoals:4)
  Harold (Lair:1)
  A yaktaur captain (Vaults:1)
  A hydra (Lair:2)
  3 merfolk avatars
  4 centaur warriors
  2 alligator snapping turtles (Shoals:4)
  A satyr (Shoals:4)
  8 death yaks
  2 merfolk aquamancers
  An anaconda (Lair:8)
  The ghost of M4edhros the Covert, a journeyman OpAr of Fedhas (D:12)
  A wizard (D:14)
  A skeletal warrior (D:13)
  3 unseen horrors
  7 sea snakes
  A hill giant (D:11)
  A lindwurm (shapeshifter) (Vaults:1)
  2 deep elf magi
  An ironbrand convoker (Vaults:1)
  4 orc knights (Vaults:1)
  9 griffons
  5 orb spiders
  A harpy (shapeshifter) (D:14)
  6 manticores
  3 fauns (Shoals:2)
  8 harpies (Shoals:2)
  A hornet (Spider:4)
  15 wolf spiders
  12 ugly things
  4 water nymphs
  5 sirens
  13 elephants
  A centaur zombie (D:11)
  3 cyclopes
  Joseph (Lair:1)
  2 black mambas
  3 gargoyles
  12 spiny frogs
  Psyche (D:10)
  The ghost of timbw the Grappler, a novice VSFi (D:8)
  3 demonic crawlers
  2 kobold demonologists (D:14)
  5 komodo dragons
  2 tengu conjurers (D:15)
  4 trolls
  22 merfolk
  A yaktaur (Vaults:1)
  3 blink frogs (Lair:7)
  17 jumping spiders
  3 wind drakes
  8 slime creatures
  16 trapdoor spiders
  9 snapping turtles
  A spriggan (shapeshifter) (D:15)
  Sigmund (D:5)
  7 tarantellas
  32 redbacks
  3 wyverns
  16 humans
  A wraith (D:14)
  7 water elementals
  21 yaks
  3 hungry ghosts
  A basilisk (D:13)
  A shadow (D:11)
  3 vampire mosquitoes
  9 wolves
  6 hippogriffs
  A mottled dragon (D:15)
  Edmund (D:5)
  10 water moccasins
  9 porcupines
  A wasp (D:11)
  9 orc warriors
  A sky beast (D:12)
  2 ice beasts
  2 black bears
  5 ogres
  8 crocodiles
  8 centaurs
  16 big kobolds
  Blork the orc (D:6)
  16 giant frogs
  4 scorpions
  5 wights (D:6)
  8 killer bees
  2 crimson imps
  An electric eel (Spider:4)
  2 quasits
  2 orc priests
  2 giant frog skeletons
  2 jellies
  4 centaur skeletons
  A lava snake (Lair:1)
  7 hounds
  11 worker ants
  6 orc wizards
  4 iguanas
  21 sheep
  10 adders
  60 river rats
  An ooze (D:4)
  A worm (D:2)
  3 giant geckos
  23 orcs
  5 bats
  3 giant cockroaches
  4 goblins (D:3)
  3 hobgoblins (D:3)
  13 jackals
  A quokka (D:12)
  5 giant newts
  26 kobolds
  A quokka zombie (D:6)
  8 rats
  A bush (Lair:8)
  9 fungi
  13 plants
750 creatures vanquished.

Vanquished Creatures (collateral kills)
  A sea snake (Shoals:4)
  A deep elf mage (D:10)
  An orc (D:10)
3 creatures vanquished.

Vanquished Creatures (others)
  A water moccasin (Lair:6)
  2 fungi
  5 plants
8 creatures vanquished.

Grand Total: 761 creatures vanquished

Notes
Turn   | Place    | Note
--------------------------------------------------------------
     0 | D:1      | 4thArraOfDagon the Gargoyle Fighter began the quest for the Orb.
     0 | D:1      | Reached XP level 1. HP: 14/14 MP: 1/1
    87 | D:2      | Reached XP level 2. HP: 14/19 MP: 2/2
   283 | D:2      | Reached XP level 3. HP: 23/23 MP: 3/3
   303 | D:2      | Found an iron altar of Okawaru.
   309 | D:2      | Found a blossoming altar of Fedhas.
   322 | D:2      | Became a worshipper of Warmaster Okawaru
   581 | D:3      | Reached XP level 4. HP: 29/29 MP: 4/4
   620 | D:4      | Found March's Gadget Boutique.
   620 | D:4      | Noticed an ogre
   620 | D:4      | Noticed a phantom
   855 | D:4      | Reached skill level 4 in Armour
   855 | D:4      | Reached XP level 5. HP: 25/33 MP: 5/5
   874 | D:4      | Noticed an ogre
   907 | D:3      | Found a snail-covered altar of Cheibriados.
   930 | D:3      | You fall through a shaft for 2 floors!
   930 | D:5      | Entered Level 5 of the Dungeon
   988 | D:5      | Reached skill level 1 in Invocations
  1040 | D:5      | Reached * piety under Okawaru
  1067 | D:5      | Noticed Sigmund
  1073 | D:5      | Noticed Edmund
  1082 | D:5      | Killed Sigmund
  1082 | D:5      | Reached XP level 6. HP: 17/39 MP: 5/7
  1157 | D:6      | Noticed crawlian's ghost (novice DEEE)
  1191 | D:5      | Killed Edmund
  1191 | D:5      | Reached XP level 7. HP: 26/44 MP: 8/8
  1207 | D:5      | Found a white marble altar of Elyvilon.
  1239 | D:5      | Reached ** piety under Okawaru
  1239 | D:5      | Reached skill level 5 in Fighting
  1239 | D:5      | Reached skill level 5 in Axes
  1253 | D:5      | Reached skill level 5 in Armour
  1450 | D:6      | Reached XP level 8. HP: 50/50 MP: 10/10
  1503 | D:6      | Noticed Blork the orc
  1521 | D:6      | Killed Blork the orc
  1556 | D:7      | Reached skill level 6 in Axes
  1816 | D:8      | Reached *** piety under Okawaru
  1871 | D:8      | Noticed timbw's ghost (novice VSFi)
  1899 | D:8      | Killed timbw's ghost
  1899 | D:8      | Reached skill level 7 in Axes
  1899 | D:8      | Reached XP level 9. HP: 45/56 MP: 12/12
  2019 | D:10     | Entered Level 10 of the Dungeon
  2036 | D:10     | Reached skill level 5 in Invocations
  2132 | D:10     | Reached skill level 8 in Axes
  2133 | D:10     | Reached **** piety under Okawaru
  2222 | D:10     | Reached XP level 10. HP: 55/63 MP: 11/14
  2453 | D:9      | Reached skill level 9 in Axes
  2529 | D:9      | Found a staircase to the Lair.
  2661 | D:10     | Noticed a deep elf mage
  2680 | D:10     | Killed a deep elf mage
  2709 | D:10     | Noticed Psyche
  2725 | D:10     | Killed Psyche
  2747 | D:10     | Noticed Maurice
  2760 | D:10     | Noticed Maurice
  2760 | D:10     | Maurice changed into Maurice the centaur
  2769 | D:10     | Killed Maurice the centaur
  2932 | D:11     | Reached ***** piety under Okawaru
  3015 | D:11     | Reached skill level 10 in Axes
  3082 | D:11     | Noticed an unseen horror
  3110 | D:11     | Killed an unseen horror
  3184 | D:11     | Reached XP level 11. HP: 57/68 MP: 15/15
  3195 | D:11     | Received a gift from Okawaru
  3326 | D:12     | Learned a level 8 spell: Controlled Blink
  3388 | D:13     | Found a gate to the Vaults.
  3388 | D:13     | Noticed an orc knight
  3388 | D:13     | Noticed a green very ugly thing
  3388 | D:13     | Noticed a skeletal warrior
  3388 | D:13     | Noticed a hill giant
  3542 | D:12     | Reached skill level 11 in Axes
  3617 | D:11     | Noticed a deep elf mage
  3633 | D:11     | Killed a deep elf mage
  3775 | D:11     | Found Ucoxon's Magic Scroll Boutique.
  3783 | D:11     | Bought a scroll of blinking for 105 gold pieces
  3783 | D:11     | Bought a scroll of enchant armour for 105 gold pieces
  3783 | D:11     | Bought a scroll of teleportation for 42 gold pieces
  3783 | D:11     | Bought a scroll of enchant weapon for 105 gold pieces
  3783 | D:11     | Bought a scroll of teleportation for 42 gold pieces
  3783 | D:11     | Bought a scroll of teleportation for 42 gold pieces
  3807 | D:12     | Noticed M4edhros's ghost (journeyman OpAr)
  3821 | D:12     | Reached skill level 10 in Armour
  3836 | D:12     | Killed M4edhros's ghost
  3957 | D:13     | Found Ohovas's Distillery.
  4029 | D:13     | Found a blossoming altar of Fedhas.
  4041 | D:13     | Reached skill level 12 in Axes
  4107 | D:13     | Noticed a centaur warrior
  4128 | D:13     | Killed a centaur warrior
  4150 | D:13     | Killed a green very ugly thing
  4150 | D:13     | Reached XP level 12. HP: 59/73 MP: 16/16
  4390 | D:14     | Reached skill level 13 in Axes
  4449 | D:13     | Received a gift from Okawaru
  4487 | D:14     | Noticed a centaur warrior
  4497 | D:14     | Killed a centaur warrior
  4797 | D:14     | Noticed Urug
  4837 | D:14     | Reached skill level 14 in Axes
  4950 | D:15     | Entered Level 15 of the Dungeon
  5000 | D:15     | Reached XP level 13. HP: 68/78 MP: 12/17
  5295 | D:13     | Received a gift from Okawaru
  5569 | Lair:1   | Entered Level 1 of the Lair of Beasts
  5569 | Lair:1   | Noticed Joseph
  5583 | Lair:1   | Killed Joseph
  5667 | Lair:1   | Noticed Harold
  5694 | Lair:1   | Killed Harold
  5694 | Lair:1   | Reached skill level 15 in Axes
  5797 | Lair:2   | Learned a level 2 spell: Stoneskin
  6010 | Lair:3   | Received a gift from Okawaru
  6046 | Lair:3   | Gained mutation: You possess an exceptional clarity of mind. [potion of beneficial mutation]
  6430 | Lair:8   | Entered Level 8 of the Lair of Beasts
  6507 | Lair:8   | Gained mutation: Your large and strong wings let you fly indefinitely. [Gargoyle growth]
  6507 | Lair:8   | Reached XP level 14. HP: 84/84 MP: 15/18
  6607 | Lair:8   | Reached skill level 16 in Axes
  6939 | Lair:8   | Received a gift from Okawaru
  6976 | Lair:8   | Received a gift from Okawaru
  6976 | Lair:8   | Reached skill level 1 in Evocations
  7011 | Lair:8   | Got a shimmering hat
  7023 | Lair:8   | Identified the +5 hat of Greed {rPois rF+} (You found it on level 8 of the Lair of Beasts)
  7577 | Lair:4   | Reached skill level 17 in Axes
  7613 | Lair:3   | Found a staircase to the Shoals.
  7621 | Lair:3   | Found a hole to the Spider Nest.
  7683 | Lair:3   | Received a gift from Okawaru
  7692 | Spider:1 | Entered Level 1 of the Spider Nest
  7712 | Spider:1 | Reached XP level 15. HP: 80/88 MP: 19/19
  7826 | Spider:2 | Reached skill level 1 in Dodging
  7914 | Spider:3 | Noticed Agnes
  7923 | Spider:3 | Killed Agnes
  7923 | Spider:3 | Reached skill level 15 in Armour
  7951 | Spider:4 | Entered Level 4 of the Spider Nest
  8111 | Spider:4 | Received a gift from Okawaru
  8384 | Spider:4 | Reached skill level 5 in Evocations
  8483 | Spider:4 | Received a gift from Okawaru
  8685 | Spider:4 | Reached skill level 5 in Dodging
  8816 | Spider:4 | Got a gossamer rune of Zot
  8941 | Spider:1 | Reached XP level 16. HP: 93/93 MP: 20/20
  8978 | Spider:1 | Reached skill level 18 in Axes
  9002 | Shoals:1 | Entered Level 1 of the Shoals
  9131 | Shoals:4 | Entered Level 4 of the Shoals
  9137 | Shoals:4 | Noticed Raultor's ghost (adept DsGl)
  9162 | Shoals:4 | Killed Raultor's ghost
  9363 | Shoals:3 | Got a faintly glowing hand axe
  9469 | Shoals:4 | Identified the cursed +1 hand axe of the Harvest {vamp, rC++ Int-3 Dex+5} (You found it on level 3 of the Shoals)
  9588 | Shoals:4 | Noticed Ilsuiw
  9763 | Shoals:4 | Found Weerrucw's Assorted Antiques.
  9773 | Shoals:4 | Bought a blue potion for 27 gold pieces
  9773 | Shoals:4 | Bought a blue potion for 27 gold pieces
  9773 | Shoals:4 | Bought a scroll of identify for 60 gold pieces
 10030 | Shoals:4 | Gained mutation: You are weak. (Str -2) [potion of mutation]
 10030 | Shoals:4 | Gained mutation: Your spells are a little harder to cast, but a little more powerful. [potion of mutation]
 10030 | Shoals:4 | Gained mutation: Potions and wands are less effective at restoring your health. [potion of mutation]
 10032 | Shoals:4 | uhh
 10146 | Shoals:4 | Got a barnacled rune of Zot
 10407 | Shoals:2 | Received a gift from Okawaru
 10509 | Shoals:2 | at last
 10686 | Shoals:1 | Reached XP level 17. HP: 97/97 MP: 21/21
 11071 | D:13     | Bought a potion of heal wounds for 75 gold pieces
 11071 | D:13     | Bought a potion of haste for 150 gold pieces
 11071 | D:13     | Bought a potion of might for 60 gold pieces
 11071 | D:13     | Bought a potion of curing for 45 gold pieces
 11071 | D:13     | Bought 2 potions of agility for 120 gold pieces
 11071 | D:13     | Bought a potion of brilliance for 60 gold pieces
 11071 | D:13     | Bought a potion of agility for 60 gold pieces
 11071 | D:13     | Bought a potion of curing for 45 gold pieces
 11071 | D:13     | Bought a potion of agility for 60 gold pieces
 11071 | D:13     | Bought a potion of curing for 45 gold pieces
 11139 | Vaults:1 | Entered Level 1 of the Vaults
 11258 | Vaults:1 | Received a gift from Okawaru
 11371 | Vaults:1 | Reached skill level 19 in Axes
 11382 | Vaults:1 | HP: 2/99 [orc warrior/scimitar[an orc knight] (13)]
 11383 | Vaults:1 | Demolished by an orc warrior

Vault maps used:
D:1:      dpeg_arrival_chase
D:2:      amethyst_overflow_temple_binary, first_bread
D:3:      overflow_temple_1_default, serial_bayou_pond_c, st_stairs_3
D:4:      minmay_temple_entry_purple_smoke, serial_shops, shop, uniq_pikel
D:5:      kennysheep_little_box, sigmund_edmund_badplayer, uniq_grinder
D:6:      nicolae_gozag_cash_rules_everything_around_me, uniq_blork_the_orc
D:7:      basic_altar, the_bakery
D:9:      due_lair_maze_entry_diamond, erik_orc_1
D:10:     uniq_maurice, uniq_psyche
D:11:     serial_shops, nicolae_shop_crystal
D:13:     david_vaults_3, serial_shops, nicolae_shop_stone, basic_altar,
          fedhas_altar_1
D:14:     uniq_urug
D:15:     grunt_enter_depths_hoard, serial_shops,
          nicolae_shop_temple_entry_statues_fountains, uniq_rupert
Lair:1:   basic_altar, uniq_joseph, uniq_sonja, uniq_harold
Lair:2:   beast_lair_carwin_8
Lair:3:   wad_woods_structure_01, shoals_dummy_entry,
          nicolae_spider_entry_tight_spaces
Lair:5:   serial_bayou_ford_a, serial_bayou_shore_b, grunt_megastairs_3
Lair:6:   minmay_slime_entry_oklob_enclosed
Lair:8:   due_jungle_book, grunt_megastairs_2
Shoals:2: nicolae_shoals_so_close
Shoals:3: nicolae_shoals_water_elemental_grotto
Shoals:4: shoals_end_simple, shoals_ilsuiw_ice, serial_shops,
          nicolae_shop_competitors_out_of_business
Spider:1: nicolae_spider_circle_web
Spider:3: uniq_arachne, uniq_jorgrun, uniq_agnes
Spider:4: grunt_spider_rune_circles
Vaults:1: grunt_vaults_funneled_arena, vaults_room_pool, hangedman_vaults_pinch,
          v_misc_23, nicolae_vaults_little_squares_3,
          hangedman_vaults_river_flow, nicolae_vaults_what_the_h,
          vaults_mumra_hex, v_misc_30, hangedman_vaults_restitches,
          vaults_dpeg_ring

Action                   |  1- 3 |  4- 6 |  7- 9 | 10-12 | 13-15 | 16-18 || total
-------------------------+-------+-------+-------+-------+-------+-------++-------
Melee: War axe           |    82 |    92 |   266 |   661 |       |       ||  1101
       Broad axe         |       |       |       |    97 |    72 |       ||   169
       Executioner's axe |       |       |       |       |   691 |   513 ||  1204
 Fire: Blowgun           |       |    12 |    15 |    15 |    11 |       ||    53
Throw: Javelin           |       |       |       |       |     6 |       ||     6
Invok: Heroism           |       |       |    10 |    25 |    38 |    22 ||    95
       Finesse           |       |       |       |     2 |     4 |     3 ||     9
 Abil: Fly               |       |       |       |       |     1 |     2 ||     3
       Stop Flying       |       |       |       |       |     1 |     2 ||     3
Evoke: Wand              |       |       |     1 |     9 |     4 |     9 ||    23
       Deck              |       |       |       |     5 |       |     2 ||     7
  Use: Potion            |     1 |     1 |       |       |     1 |    10 ||    13
       Scroll            |       |     4 |     3 |    11 |    22 |     9 ||    49
 Stab: Invisible         |     2 |       |       |       |       |       ||     2
       Paralysed         |       |       |       |     2 |       |       ||     2
       Sleeping          |       |       |       |     2 |     4 |     2 ||     8
       Distracted        |       |       |       |       |       |     3 ||     3
  Eat: Chunk             |       |     2 |     4 |    13 |     5 |     7 ||    31
       Fruit             |       |       |     4 |       |     6 |       ||    10
       Pizza             |       |       |       |       |     2 |       ||     2
       Royal jelly       |       |       |       |       |     1 |       ||     1
       Beef jerky        |       |       |       |       |     5 |       ||     5
       Bread ration      |       |       |       |       |       |     2 ||     2
